 Dungeon Crawl Stone Soup version 0.20.1-1-g8b1a95d (webtiles) character file.

842 mmigdal the Conjurer (level 7, -6/55 HPs)
             Began as a Red Draconian Conjurer on Oct 28, 2017.
             Was an Initiate of Sif Muna.
             Killed from afar by a fire giant (31 damage)
             ... with a fireball
             ... on level 4 of the Dungeon on Oct 29, 2017.
             The game lasted 00:37:43 (5417 turns).

mmigdal the Conjurer (Red Draconian Conjurer)       Turns: 5417, Time: 00:37:43

Health: -6/55      AC:  9    Str: 10    XL:     7   Next: 67%
Magic:  5/13       EV: 13    Int: 18    God:    Sif Muna [......]
Gold:   223        SH:  0    Dex: 11    Spells: 3/15 levels left

rFire    + . .     SeeInvis .   c - +5 quarterstaff (chaos)
rCold    . . .     Gourm    .   (shield currently unavailable)
rNeg     . . .     Faith    .   (armour unavailable)
rPois    +         Spirit   .   (helmet restricted)
rElec    .         Reflect  .   t - +1 cloak
rCorr    .         Harm     .   i - +0 pair of gloves
MR       .....     Clarity  +   (no boots)
Stlth    ++........             (no amulet)
Regen    0.2/turn               l - ring of poison resistance
MPRegen  0.2/turn               s - ring of flight

@: no status effects
A: breathe fire, unfitting armour, antennae 1, stinger 1, clarity, fire
resistance 1, cold-blooded, AC +6
a: Breathe Fire, Renounce Religion, Evoke Flight


You were on level 4 of the Dungeon.
You worshipped Sif Muna.
Sif Muna was noncommittal.
You were hungry.

You visited 1 branch of the dungeon, and saw 4 of its levels.

You collected 223 gold pieces.

Inventory:

Hand Weapons
 c - a +5 quarterstaff of chaos (weapon)
 e - a +1 club
 o - a +0 whip
 q - a +0 fustibalus
 r - a +0 hunting sling
Missiles
 d - 129 stones (quivered)
 g - 76 bolts
Armour
 i - a +0 pair of gloves (worn)
 t - a +1 cloak (worn)
Jewellery
 l - a ring of poison resistance (left hand)
 s - a ring of flight (right hand)
 A - an uncursed ring of protection from fire {unknown}
Scrolls
 u - a scroll of fear
 v - a scroll of recharging
 y - a scroll of remove curse
Potions
 f - a potion of flight
 j - a potion of agility {unknown}
 m - a potion of cancellation {unknown}
 n - a potion of haste {unknown}
 p - 2 potions of might {unknown}
 x - 2 potions of curing
Books
 a - a book of Conjurations

   Spells                             Type                      Level
   a - Magic Dart                     Conjuration                  1
   b - Searing Ray                    Conjuration                  2
   c - Dazzling Spray                 Conjuration/Hexes            3
   d - Fulminant Prism                Conjuration/Hexes            4
   e - Force Lance                    Conjuration/Translocation    4
   f - Iskenderun's Mystic Blast      Conjuration                  4
 w - a book of Minor Magic

   Spells                             Type                      Level
   a - Magic Dart                     Conjuration                  1
   b - Blink                          Translocation                2
   c - Call Imp                       Summoning                    2
   d - Slow                           Hexes                        2
   e - Conjure Flame                  Conjuration/Fire             3
   f - Mephitic Cloud                 Conjuration/Poison/Air       3
Comestibles
 b - 6 bread rations
 h - a fruit
 k - a meat ration


   Skills:
 + Level 2.0 Fighting
 + Level 0.4(1.5) Maces & Flails
 + Level 2.3 Staves
 + Level 0.1(0.4) Slings
 + Level 0.6(0.7) Throwing
 + Level 3.1 Dodging
 + Level 3.0 Stealth
 + Level 0.6 Unarmed Combat
 + Level 4.6 Spellcasting
 + Level 6.0 Conjurations
 + Level 0.1 Hexes
 + Level 1.5 Translocations


You had 3 spell levels left.
You knew the following spells:

 Your Spells              Type           Power        Failure   Level  Hunger
a - Magic Dart            Conj           ####         1%          1    None
b - Searing Ray           Conj           ####..       1%          2    #......
c - Dazzling Spray        Conj/Hex       ###...       12%         3    ###....
d - Force Lance           Conj/Tloc      ###.....     28%         4    ####...
e - Blink                 Tloc           N/A          11%         2    #......


Dungeon Overview and Level Annotations

Branches:
Dungeon (4/15)
 Temple: D:4-7

Altars:
Ashenzari
Fedhas
Nemelex Xobeh
Sif Muna


Innate Abilities, Weirdness & Mutations

You can breathe blasts of fire.
Your fiery red scales are hard. (AC +6)
You cannot fit into any form of body armour.
Your flesh is heat resistant. (rF+)
You are cold-blooded and may be slowed by cold attacks.
You have a pair of small antennae on your head.
Your tail ends in a poisonous barb.
You possess an exceptional clarity of mind.


Message History

The fireball explodes!
The fireball engulfs you! You resist.
Casting: Magic Dart
Confirm with . or Enter, or press ? or * to list all spells.
Aiming: Magic Dart
Press: ? - help, Shift-Dir - straight line, f/p - fire giant
Aim: a fire giant, wielding a great sword of flaming (lightly wounded)
The magic dart hits the fire giant.
The fire giant is moderately wounded.
You are feeling hungry.
Casting: Magic Dart
Confirm with . or Enter, or press ? or * to list all spells.
Aiming: Magic Dart
Press: ? - help, Shift-Dir - straight line, f/p - fire giant
Aim: a fire giant, wielding a great sword of flaming (moderately wounded)
The magic dart hits the fire giant.
The fire giant is moderately wounded.
The fire giant casts a spell at you.
The fireball explodes!
The fireball engulfs you! You resist.
Ouch! That really hurt!
You die...

...........#...#....#.........##.
#..##.###..##.........#..###..##.
#####.###..#..#######.#..####'##.
#..........#..#.....#.#...'......
#..........'..#.....#.....#.)....
#..........#..#.....'.....#......
'..........#..#.....#.....#......
#..#########..#######.#...##..##.
#..###..........@.C...##+########
.....#........#......#.....#
.....#........#......#.....#
.....#........#..#######..######
###'##........#..##.####..#....#
.....)#'##....#.......#...#....#
....)###.'....+.......#...'....#
.....#_'.#....#..##########....#
.....###.#....#..###...........#


You could see a fire giant.

Vanquished Creatures
  Grinder (D:3)
  2 phantoms
  An ogre (D:4)
  Crazy Yiuf (D:2)
  3 hounds
  A bullfrog skeleton (D:3)
  Jessica (D:3)
  A worker ant (D:4)
  3 gnolls (D:4)
  7 adders
  An ooze (D:3)
  An adder skeleton (D:4)
  2 worms (D:3)
  2 dart slugs
  5 leopard geckos
  2 orcs (D:4)
  5 giant cockroaches
  8 goblins
  10 hobgoblins
  5 quokkas
  A ball python (D:3)
  8 bats
  4 frilled lizards
  4 kobolds
  5 rats
84 creatures vanquished.

Notes
Turn   | Place    | Note
-------+----------+-------------------------------------------
     0 | D:1      | mmigdal the Draconian Conjurer began the quest for the Orb.
     0 | D:1      | Reached XP level 1. HP: 14/14 MP: 3/3
   256 | D:1      | Reached XP level 2. HP: 10/20 MP: 3/5
  1032 | D:1      | Learned a level 2 spell: Searing Ray
  1061 | D:1      | Reached XP level 3. HP: 19/26 MP: 2/6
  1503 | D:2      | Reached skill level 5 in Conjurations
  1581 | D:2      | Found a deep blue altar of Sif Muna.
  1584 | D:2      | Became a worshipper of Sif Muna the Loreminder
  1709 | D:2      | Reached XP level 4. HP: 33/33 MP: 5/7
  1892 | D:2      | Found a runed door.
  1896 | D:2      | Noticed Crazy Yiuf
  1918 | D:2      | Killed Crazy Yiuf
  2118 | D:2      | Learned a level 3 spell: Dazzling Spray
  2218 | D:3      | Reached XP level 5. HP: 35/39 MP: 2/9
  2227 | D:3      | Reached skill level 1 in Fighting
  2429 | D:3      | Noticed Jessica
  2429 | D:3      | Noticed Grinder
  2440 | D:3      | Killed Jessica
  2452 | D:3      | Gained mutation: Your tail ends in a poisonous barb. [potion of mutation]
  2452 | D:3      | Gained mutation: You possess an exceptional clarity of mind. [potion of mutation]
  2452 | D:3      | Gained mutation: You have a pair of small antennae on your head. [potion of mutation]
  2454 | D:3      | Paralysed by Grinder for 4 turns
  2465 | D:3      | Killed Grinder
  2465 | D:3      | Reached skill level 1 in Staves
  2465 | D:3      | Reached XP level 6. HP: 26/48 MP: 1/11
  2654 | D:3      | Learned a level 4 spell: Force Lance
  2919 | D:3      | Found a sparkling altar of Nemelex Xobeh.
  3041 | D:3      | Your scales start taking on a fiery red colour.
  3041 | D:3      | Reached XP level 7. HP: 53/53 MP: 7/12
  3041 | D:3      | Gained mutation: Your flesh is heat resistant. (rF+) [Red Draconian growth]
  3521 | D:4      | Found a blossoming altar of Fedhas.
  3538 | D:4      | Learned a level 2 spell: Blink
  4208 | D:4      | Learned a level 2 spell: Blink
  4270 | D:4      | Reached skill level 1 in Translocations
  4596 | D:4      | Found a shattered altar of Ashenzari.
  5232 | D:4      | Reached skill level 6 in Conjurations
  5402 | D:4      | Noticed a fire giant
  5417 | D:4      | Killed from afar by a fire giant

Skill      XL: |  1  2  3  4  5  6  7 |
---------------+----------------------+-----
Dodging        | 2 3 |  3.1
Conjurations   | 5 6 |  6.0
Stealth        | 2 3 |  3.0
Fighting       | 1 2 |  2.0
Spellcasting   | 3 4 |  4.6
Staves         | 1 2 |  2.3
Translocations | 1 |  1.5
Maces & Flails | |  0.4
Slings         | |  0.1
Throwing       | |  0.6
Unarmed Combat | |  0.6
Hexes          | |  0.1

Action                   |  1- 3 |  4- 6 |  7- 9 || total
-------------------------+-------+-------+-------++-------
Melee: Club              |    25 |     8 |       ||    33
       Unarmed           |    10 |       |       ||    10
       Tailslap          |     5 |     3 |     2 ||    10
       Whip              |    14 |       |       ||    14
       Quarterstaff      |       |    22 |     8 ||    30
 Fire: Hunting sling     |       |     1 |       ||     1
Throw: Stone             |     2 |       |     3 ||     5
 Cast: Magic Dart        |    55 |    37 |    74 ||   166
       Searing Ray       |     5 |     4 |     2 ||    11
       Dazzling Spray    |       |     3 |     2 ||     5
       Blink             |       |       |    14 ||    14
       Force Lance       |       |       |     3 ||     3
  Use: Scroll            |     5 |     5 |     5 ||    15
       Potion            |       |     3 |     1 ||     4
 Stab: Paralysed         |       |     2 |       ||     2
  Eat: Chunk             |     4 |     3 |     2 ||     9
       Royal jelly       |       |     1 |       ||     1
       Meat ration       |       |       |     1 ||     1
       Fruit             |       |       |     1 ||     1
Armor: Skin              |    28 |     4 |     5 ||    37
Dodge: Dodged            |    61 |    16 |    17 ||    94
